[Event "Titled Tuesday Blitz November 14 Early 2023"]
[White "DonCiao"]
[Black "Clawitter, Craig"]
[BlackFideId "2023105"]
[WhiteElo "2113"]
[BlackElo "2287"]
[Result "1-0"]
[Round "9"]
[TimeControl "180+1"]
[Date "2023.11.14"]
[WhiteClock "0:00:35"]
[BlackClock "0:00:07"]
[Board "152"]

1. c4 e6 2. g3 d5 3. Bg2 Nf6 4. Nf3 Be7 5. O-O O-O 6. b3 d4 7. e3 c5 8. exd4 cxd4 9. Re1 Nc6 10. Ba3 Re8 11. Bxe7 Rxe7 12. d3 e5 13. b4 Nxb4 14. Nxe5 Qa5 15. Nf3 Rxe1+ 16. Nxe1 Bf5 17. Bxb7 Re8 18. Kg2 h5 19. h3 Qe5 20. Nf3 Qc7 21. Bd5 Nfxd5 22. cxd5 Nxd3 23. Nxd4 Qe5 24. Nf3 Be4 25. Qa4 Qxd5 26. Qxe8+ Kh7 27. Nd2 Nc5 28. Nxe4 Nxe4 29. Re1 Ng5 30. Qe3 Nxf3 31. Qxf3 1-0


[Site "https://www.chess.com"]

[Event "Titled Tuesday Blitz November 14 Early 2023"]
[White "Fernandez Hernandez, Gerardo"]
[Black "Vargas, Mauricio"]
[WhiteFideId "2207400"]
[BlackFideId "4404572"]
[WhiteElo "2108"]
[BlackElo "1855"]
[Result "1-0"]
[Round "9"]
[TimeControl "180+1"]
[Date "2023.11.14"]
[WhiteClock "0:02:30"]
[BlackClock "0:00:00"]
[Board "153"]

1. e4 d5 2. exd5 Qxd5 3. Nc3 Qa5 4. g3 c6 5. Bg2 Nf6 6. Nge2 Bg4 7. h3 Bf5 8. O-O e6 9. d3 Bd6 10. Bf4 e5 11. Bd2 Qc7 12. Ne4 Be7 13. N2c3 Nbd7 14. Qe2 1-0


[Site "https://www.chess.com"]

[Event "Titled Tuesday Blitz November 14 Early 2023"]
[White "Smirnov, Timofey"]
[Black "Vila Dupla, Aurelio"]
[WhiteFideId "24176427"]
[BlackFideId "2203383"]
[WhiteElo "2079"]
[BlackElo "2191"]
[Result "1-0"]
[Round "9"]
[TimeControl "180+1"]
[Date "2023.11.14"]
[WhiteClock "0:02:28"]
[BlackClock "0:02:13"]
[Board "154"]

1. d4 Nf6 2. Bf4 g6 3. Nc3 d5 4. e3 Bg7 5. h4 h5 6. Nf3 O-O 7. Ne5 c5 8. dxc5 Qa5 9. Qd2 Qxc5 10. Na4 Qc7 11. Nxg6 e5 12. Bxe5 Qe7 1-0


[Site "https://www.chess.com"]

[Event "Titled Tuesday Blitz November 14 Early 2023"]
[White "Villafane Gomez, Jaime"]
[Black "Bazzano, Sebastian"]
[WhiteFideId "4426517"]
[BlackFideId "104566"]
[WhiteElo "1738"]
[BlackElo "2321"]
[Result "0-1"]
[Round "9"]
[TimeControl "180+1"]
[Date "2023.11.14"]
[WhiteClock "0:00:00"]
[BlackClock "0:00:50"]
[Board "155"]

1. e4 e6 2. d4 d5 3. Nc3 dxe4 4. Nxe4 Bd7 5. Bd3 Bc6 6. Nf3 Bxe4 7. Bxe4 c6 8. O-O Nf6 9. Bd3 Bd6 10. Re1 Nbd7 11. c3 O-O 12. Qc2 Qc7 13. Bg5 Rfe8 14. Bxf6 Nxf6 15. Ne5 g6 16. h3 c5 17. Qd2 cxd4 18. cxd4 Bf8 19. Rac1 Qb6 20. Bb1 Bg7 21. Re2 Rad8 22. Rd1 Nd7 23. Nxd7 Rxd7 24. d5 Rxd5 25. Qxd5 exd5 26. Rxe8+ Bf8 27. Rxd5 Kg7 28. b3 Qc6 29. Rdd8 Bd6 30. Bd3 Bc7 31. Rg8+ Kh6 32. Rde8 Qd6 33. Be4 f5 0-1


[Site "https://www.chess.com"]

[Event "Titled Tuesday Blitz November 14 Early 2023"]
[White "Lazavik, Denis"]
[Black "Nakamura, Hikaru"]
[WhiteFideId "13515110"]
[BlackFideId "2016192"]
[WhiteElo "3075"]
[BlackElo "3335"]
[Result "1/2-1/2"]
[Round "10"]
[TimeControl "180+1"]
[Date "2023.11.14"]
[WhiteClock "0:00:08"]
[BlackClock "0:00:03"]
[Board "1"]

1. d4 Nf6 2. c4 e6 3. Nf3 b6 4. g3 Bb7 5. Bg2 Bb4+ 6. Bd2 Bxd2+ 7. Qxd2 O-O 8. O-O d6 9. Qf4 Ne4 10. Nfd2 e5 11. dxe5 dxe5 12. Qe3 Nxd2 13. Qxd2 Bxg2 14. Kxg2 Nd7 15. Nc3 Qc8 16. Rfd1 Nc5 17. Nd5 Re8 18. b4 Ne6 19. Qd3 c6 20. Nc3 Qc7 21. Qd6 Rac8 22. Qxc7 Rxc7 23. a4 Rb8 24. Rab1 Kf8 25. e3 f6 26. Kf3 Ke7 27. h4 h5 28. Ke2 Ra8 29. Ne4 Nd8 30. c5 Ne6 31. Rbc1 Rb8 32. cxb6 axb6 33. Rc4 Ra8 34. Nc3 Rcc8 35. b5 cxb5 36. Rxc8 Rxc8 37. Nd5+ Kf7 38. axb5 Rc5 39. Nxb6 Rxb5 40. Nc4 Rb4 41. Nd6+ Kg6 42. Rc1 Rb6 43. Nc8 Rb2+ 44. Kf3 Rb7 45. Nd6 Rd7 46. Ne4 Nd8 47. Nc5 Ra7 48. Rd1 Nf7 49. Rd7 Ra8 50. Kg2 Re8 51. Rc7 Nh6 52. e4 Ng4 53. f3 Nh6 54. Rd7 Nf7 55. Kf2 Nh6 56. Kg2 Kh7 57. Kf2 Ng8 58. Ke3 Kg6 59. Kf2 Nh6 60. Ke3 f5 61. Rd6+ Kf7 62. Ra6 Re7 63. Nd3 g6 64. Ra5 Kf6 65. Ra6+ Kg7 66. Ra5 Nf7 67. Rb5 Nd6 68. Rc5 Nf7 69. Rd5 Kf6 70. Nc5 Ra7 71. Nd7+ Ke6 72. Nc5+ Ke7 73. Nd3 Ra3 74. Ke2 Kf6 75. Nc5 Ra2+ 76. Ke3 Rg2 77. Nd7+ Ke6 78. Nc5+ Ke7 79. Rd7+ Kf6 80. Ra7 Rxg3 81. Nd7+ Ke6 82. Nf8+ Kf6 83. Nd7+ Ke6 84. Nf8+ Kf6 85. Nd7+ 1/2-1/2


[Site "https://www.chess.com"]

[Event "Titled Tuesday Blitz November 14 Early 2023"]
[White "Andreikin, Dmitry"]
[Black "Alekseenko, Kirill"]
[WhiteFideId "4158814"]
[BlackFideId "4135539"]
[WhiteElo "3139"]
[BlackElo "2953"]
[Result "0-1"]
[Round "10"]
[TimeControl "180+1"]
[Date "2023.11.14"]
[WhiteClock "0:00:01"]
[BlackClock "0:00:11"]
[Board "2"]

1. d4 d5 2. c4 dxc4 3. e3 e5 4. Bxc4 Nc6 5. Nf3 e4 6. Nfd2 Qg5 7. Nxe4 Qxg2 8. Ng3 Nf6 9. Bf1 Qd5 10. Nc3 Bb4 11. Bd2 Qd8 12. Bg2 Be6 13. a3 Be7 14. O-O Qd7 15. Rc1 h5 16. Nge4 Nxe4 17. Nxe4 Bd5 18. Qf3 O-O-O 19. Bh3 Be6 20. Bg2 h4 21. Nc5 Bxc5 22. Rxc5 h3 23. Bh1 Rh6 24. Rfc1 Rf6 25. Qe4 Bf5 26. Rxf5 Rxf5 27. Bc3 Re8 28. Qg4 Rxe3 29. d5 Ne5 30. Qxg7 Qd8 31. Qh7 Qg5+ 32. Kf1 Rxf2+ 33. Kxf2 Nd3+ 34. Kf1 Qf4+ 35. Kg1 Qf2# 0-1


[Site "https://www.chess.com"]

[Event "Titled Tuesday Blitz November 14 Early 2023"]
[White "Niemann, Hans Moke"]
[Black "Galchenko, Matvey"]
[WhiteFideId "2093596"]
[BlackFideId "24175480"]
[WhiteElo "3045"]
[BlackElo "2959"]
[Result "1-0"]
[Round "10"]
[TimeControl "180+1"]
[Date "2023.11.14"]
[WhiteClock "0:00:33"]
[BlackClock "0:00:01"]
[Board "3"]

1. e4 e6 2. d4 d5 3. Nc3 Bb4 4. exd5 exd5 5. Bd3 Nc6 6. a3 Ba5 7. Ne2 Nge7 8. O-O O-O 9. Bg5 f6 10. Be3 Bf5 11. b4 Bb6 12. Nf4 Qd7 13. Bxf5 Qxf5 14. Nce2 Ng6 15. Ng3 Qd7 16. c3 Nce7 17. Re1 Nxf4 18. Bxf4 Ng6 19. Bd2 c6 20. Qf3 Rfe8 21. Nf5 Bc7 22. h4 Rxe1+ 23. Rxe1 Re8 24. Qg4 Rxe1+ 25. Bxe1 Kf8 26. g3 Qf7 27. Ne3 Qe8 28. h5 Ne7 29. h6 g6 30. Bd2 Qc8 31. Qf3 Qe6 32. a4 Kf7 33. a5 Qe4 34. Qxe4 dxe4 35. c4 g5 36. b5 Kg6 37. Bb4 Nf5 38. a6 Nxd4 39. axb7 cxb5 40. Bc5 Nf3+ 41. Kg2 Bb8 42. cxb5 Ne5 43. Nd5 Nd7 44. Bd4 Kf7 45. Nb4 Bd6 46. Nc6 Ke6 47. Bxa7 f5 48. b8=Q Bxb8 49. Bxb8 Nf6 50. Nd4+ 1-0


[Site "https://www.chess.com"]

[Event "Titled Tuesday Blitz November 14 Early 2023"]
[White "Sychev, Klementy"]
[Black "Daneshvar, Bardiya"]
[WhiteFideId "4114060"]
[BlackFideId "12576468"]
[WhiteElo "2940"]
[BlackElo "2999"]
[Result "0-1"]
[Round "10"]
[TimeControl "180+1"]
[Date "2023.11.14"]
[WhiteClock "0:00:00"]
[BlackClock "0:00:17"]
[Board "4"]

1. e4 c6 2. c4 d5 3. cxd5 cxd5 4. exd5 Nf6 5. Qa4+ Nbd7 6. Nc3 g6 7. Bc4 Bg7 8. Nf3 O-O 9. d3 a6 10. Qa3 b6 11. O-O Bb7 12. Re1 Re8 13. Be3 b5 14. Bb3 Bf8 15. Qb4 e6 16. Qh4 Bxd5 17. Nxd5 Nxd5 18. Bg5 Qb6 19. Re2 Ne7 20. Be3 Qb7 21. Ng5 h6 22. Ne4 Nf5 23. Qh3 Bg7 24. g4 Nxe3 25. Nd6 Qg2+ 26. Qxg2 Nxg2 27. Kxg2 Red8 28. Nb7 Rdb8 29. Nd6 Nc5 30. Bc2 Rd8 31. Rb1 Rxd6 32. b4 Na4 0-1


[Site "https://www.chess.com"]

[Event "Titled Tuesday Blitz November 14 Early 2023"]
[White "Nihal Sarin"]
[Black "Bharath Subramaniyam H"]
[WhiteFideId "25092340"]
[BlackFideId "46634827"]
[WhiteElo "3110"]
[BlackElo "2937"]
[Result "0-1"]
[Round "10"]
[TimeControl "180+1"]
[Date "2023.11.14"]
[WhiteClock "0:00:43"]
[BlackClock "0:01:19"]
[Board "5"]

1. d4 Nf6 2. Nf3 e6 3. Bg5 d5 4. e3 Be7 5. Nbd2 c5 6. c3 O-O 7. Bd3 Nbd7 8. O-O h6 9. Bh4 b6 10. Qb1 Bb7 11. b4 cxb4 12. cxb4 Ne8 13. Bxe7 Qxe7 14. a4 Nd6 15. b5 Rfc8 16. Qb4 a5 17. Qb3 Rc7 18. Rfc1 Rac8 19. Rxc7 Rxc7 20. h3 Kf8 21. Qb2 Ke8 22. Re1 Kd8 23. e4 dxe4 24. Nxe4 Nxe4 25. Bxe4 Bxe4 26. Rxe4 Qb4 27. Qa1 Rc3 28. Rg4 Qa3 29. Qxa3 Rxa3 30. Rxg7 Ke7 31. d5 exd5 32. Rg4 Nc5 33. Rh4 Rxa4 34. Rxh6 Ne6 35. Ne5 Re4 36. Nc6+ Kd6 37. Rh7 d4 38. Rxf7 d3 39. Rf3 Nf4 0-1


[Site "https://www.chess.com"]

[Event "Titled Tuesday Blitz November 14 Early 2023"]
[White "Sadhwani, Raunak"]
[Black "Chigaev, Maksim"]
[WhiteFideId "35093487"]
[BlackFideId "4108116"]
[WhiteElo "3048"]
[BlackElo "2921"]
[Result "1-0"]
[Round "10"]
[TimeControl "180+1"]
[Date "2023.11.14"]
[WhiteClock "0:00:09"]
[BlackClock "0:00:00"]
[Board "6"]

1. Nf3 Nf6 2. d4 g6 3. c4 Bg7 4. Nc3 O-O 5. e4 d6 6. Be2 e5 7. O-O exd4 8. Nxd4 Re8 9. f3 c6 10. Nc2 Na6 11. Kh1 h6 12. Be3 d5 13. cxd5 cxd5 14. exd5 Nb4 15. Bd4 Nbxd5 16. Bb5 Bd7 17. Bc4 Be6 18. Bb3 Nxc3 19. bxc3 Qc7 20. Qd2 Rad8 21. Rfe1 Bxb3 22. axb3 a6 23. Rad1 h5 24. Qf2 Rxe1+ 25. Rxe1 Nd5 26. c4 Bxd4 27. Qxd4 Nb4 28. Qc3 Nd3 29. Re2 Qc5 30. g3 Qf5 31. Ne1 Nxe1 32. Rxe1 Kh7 33. Re7 b5 34. Kg2 bxc4 35. bxc4 Kg8 36. Re5 Qd7 37. Re2 Qc7 38. c5 Rc8 39. Rc2 Rf8 40. c6 a5 41. Qc4 Ra8 42. Rd2 Rf8 43. Rd7 Qb6 44. c7 Qb2+ 45. Kh3 Qb7 46. Rd8 1-0


[Site "https://www.chess.com"]

[Event "Titled Tuesday Blitz November 14 Early 2023"]
[White "Kamsky, Gata"]
[Black "Martinez Alcantara, Jose Eduardo"]
[WhiteFideId "2000024"]
[BlackFideId "3805662"]
[WhiteElo "2913"]
[BlackElo "3029"]
[Result "1-0"]
[Round "10"]
[TimeControl "180+1"]
[Date "2023.11.14"]
[WhiteClock "0:00:55"]
[BlackClock "0:00:20"]
[Board "7"]

1. e4 c5 2. Nf3 d6 3. Nc3 a6 4. d4 cxd4 5. Nxd4 e6 6. a4 Nf6 7. a5 Nc6 8. Nxc6 bxc6 9. Bd3 c5 10. O-O Bb7 11. Bf4 Qc7 12. Qe2 Nd7 13. Bc4 Be7 14. Rfd1 O-O 15. Qd2 Ne5 16. Bxe5 dxe5 17. Qd7 Rac8 18. Qxc7 Rxc7 19. f3 g6 20. Na4 Kg7 21. Nb6 f5 22. exf5 exf5 23. Bd5 Bf6 24. Bxb7 Rxb7 25. c3 Re8 26. Rd5 e4 27. Re1 Rbe7 28. fxe4 Rxe4 29. Rxe4 Rxe4 30. Rxc5 Re2 31. b4 Bg5 32. Nd5 Rd2 33. Kf1 h5 34. c4 h4 35. b5 axb5 36. cxb5 Ra2 37. b6 Ra1+ 38. Ke2 Ra2+ 39. Kd3 Rxg2 40. a6 Rb2 41. a7 1-0


[Site "https://www.chess.com"]

[Event "Titled Tuesday Blitz November 14 Early 2023"]
[White "Terry, Renato"]
[Black "Henriquez Villagra, Cristobal"]
[WhiteFideId "3803457"]
[BlackFideId "3409350"]
[WhiteElo "3014"]
[BlackElo "2888"]
[Result "1/2-1/2"]
[Round "10"]
[TimeControl "180+1"]
[Date "2023.11.14"]
[WhiteClock "0:00:03"]
[BlackClock "0:00:05"]
[Board "8"]

1. d4 Nf6 2. Nf3 g6 3. Bg5 Bg7 4. c3 O-O 5. Nbd2 d6 6. e4 Nbd7 7. Be2 Qe8 8. O-O e5 9. Re1 h6 10. Bh4 Nh5 11. Qc2 Nf4 12. Bf1 Nb6 13. Bg3 g5 14. dxe5 dxe5 15. Nc4 Nxc4 16. Bxc4 Bg4 17. Nd2 Rd8 18. Nf1 b5 19. Bb3 h5 20. f3 Bc8 21. Bf2 Nd3 22. Red1 Nxf2 23. Qxf2 a6 24. Qc5 g4 25. Qxc7 Rxd1 26. Rxd1 gxf3 27. gxf3 Kh8 28. Kh1 Bh6 29. Qd6 f6 30. Ng3 h4 31. Nf5 Bxf5 32. exf5 Qh5 33. Bd5 h3 34. Rg1 Qh4 35. Qe7 Qf2 36. Be4 Qxb2 37. Bd5 Qf2 38. Qe6 Kh7 39. Qe7+ Kh8 40. Qe6 Kh7 41. Qe7+ Kh8 1/2-1/2


[Site "https://www.chess.com"]

[Event "Titled Tuesday Blitz November 14 Early 2023"]
[White "Bortnyk, Olexandr"]
[Black "Gurel, Ediz"]
[WhiteFideId "14120828"]
[BlackFideId "44507356"]
[WhiteElo "3014"]
[BlackElo "2942"]
[Result "1-0"]
[Round "10"]
[TimeControl "180+1"]
[Date "2023.11.14"]
[WhiteClock "0:00:52"]
[BlackClock "0:00:02"]
[Board "9"]

1. e4 c5 2. c3 Nf6 3. e5 Nd5 4. d4 cxd4 5. Nf3 e6 6. cxd4 d6 7. Bc4 Nc6 8. O-O Nb6 9. Bd3 Nb4 10. Bb5+ Bd7 11. Bg5 Be7 12. Bxd7+ Qxd7 13. Bxe7 Qxe7 14. Nc3 O-O 15. Qe2 Nc6 16. Ne4 dxe5 17. dxe5 Nd7 18. Nc3 Rfd8 19. Rfd1 a6 20. h3 Rac8 21. Qe3 h6 22. Rd2 Na5 23. b3 Qb4 24. Ne4 Nf8 25. Nd6 Rc3 26. Qe2 Nc6 27. Rad1 Ng6 28. Ne4 Rxd2 29. Qxd2 Rxf3 30. Qxb4 Nxb4 31. Rd8+ Kh7 32. gxf3 Nxe5 33. Kg2 Nxa2 34. Nd6 Kg6 35. Nxb7 Nb4 36. Nc5 Nec6 37. Rd6 a5 38. Nd3 Kf6 39. Nxb4 Nxb4 40. Rb6 Nc2 41. f4 Nd4 42. Rb7 g5 43. fxg5+ hxg5 44. Kf1 Ke5 45. Rxf7 Nxb3 46. Rg7 Kf6 47. Ra7 Ke5 48. Ke2 Nd4+ 49. Ke3 Nc6 50. Ra8 Kf5 51. Ra6 Ne5 52. Rxa5 Kf6 53. Ke4 Ng6 54. Kf3 Ne5+ 55. Kg3 Nf7 56. Kg4 Nh6+ 57. Kh5 Nf5 58. Ra8 Ng7+ 59. Kg4 Nf5 60. Rf8+ Kg7 61. Rxf5 exf5+ 62. Kxg5 1-0


[Site "https://www.chess.com"]

[Event "Titled Tuesday Blitz November 14 Early 2023"]
[White "Dragun, Kamil"]
[Black "Vokhidov, Shamsiddin"]
[WhiteFideId "1134167"]
[BlackFideId "14204223"]
[WhiteElo "2838"]
[BlackElo "3004"]
[Result "1-0"]
[Round "10"]
[TimeControl "180+1"]
[Date "2023.11.14"]
[WhiteClock "0:00:14"]
[BlackClock "0:00:13"]
[Board "10"]

1. d4 Nf6 2. c4 e6 3. Nf3 d5 4. Nc3 Bb4 5. cxd5 exd5 6. Bg5 h6 7. Bh4 Bf5 8. e3 Nbd7 9. Be2 c6 10. Qb3 Qb6 11. O-O Be7 12. Ne5 Nxe5 13. dxe5 Nd7 14. Bxe7 Qxb3 15. axb3 Kxe7 16. f4 a5 17. g4 Bc2 18. Ra3 b5 19. Rc1 b4 20. Raa1 Bxb3 21. Nb1 c5 22. Nd2 a4 23. Bf3 Nb6 24. Rxc5 Rhc8 25. Rb5 Nc4 26. Nxb3 axb3 27. Rxa8 Rxa8 28. Bxd5 Ra1+ 29. Kf2 Nxb2 30. Rb7+ Kd8 31. Bxb3 Nd3+ 32. Kf3 Nc5 33. Rxb4 Rb1 34. Rd4+ Ke7 35. Bc2 Rf1+ 36. Kg2 Re1 37. Rc4 Ne6 38. Rc3 Rc1 39. Kf3 g6 40. h4 Ng7 41. Ke2 h5 42. Kd2 Rf1 43. g5 Ne6 44. Bb3 Rh1 45. Bxe6 fxe6 46. Rc7+ Kf8 47. Rc6 Kf7 48. Rc7+ Kf8 49. Kd3 Rxh4 50. Kd4 Rh1 51. Rh7 Rc1 52. Ke4 Rc4+ 53. Kd3 Rc1 54. Kd4 Rc2 55. e4 Rf2 56. Kc5 Rxf4 57. Kd6 Rf7 58. Rh8+ Kg7 59. Ra8 Rf8 60. Ra7+ Rf7 61. Ra3 Rb7 62. Kxe6 Rb6+ 63. Kd5 Kf7 64. Ra7+ Ke8 65. e6 Rb5+ 66. Kd6 Rb6+ 67. Ke5 h4 68. Kf6 1-0


[Site "https://www.chess.com"]

[Event "Titled Tuesday Blitz November 14 Early 2023"]
[White "Javakhadze, Zurab"]
[Black "Oparin, Grigoriy"]
[WhiteFideId "13603647"]
[BlackFideId "24125890"]
[WhiteElo "2790"]
[BlackElo "2999"]
[Result "1/2-1/2"]
[Round "10"]
[TimeControl "180+1"]
[Date "2023.11.14"]
[WhiteClock "0:00:06"]
[BlackClock "0:00:06"]
[Board "11"]

1. Nf3 Nf6 2. g3 b6 3. Bg2 Bb7 4. O-O c5 5. c4 g6 6. b3 Bg7 7. Bb2 O-O 8. e3 e6 9. d4 Qe7 10. Nc3 d6 11. Qc2 Nc6 12. Rad1 Rac8 13. a3 Rfd8 14. d5 exd5 15. cxd5 Nb4 16. axb4 cxb4 17. Qd3 bxc3 18. Bxc3 Nxd5 19. Bxg7 Kxg7 20. Nd4 Nb4 21. Qb5 Bxg2 22. Kxg2 d5 23. Rc1 Qe4+ 24. Kg1 Nd3 25. Rxc8 Rxc8 26. Qd7 Rc1 27. Rxc1 Nxc1 28. Qxa7 Nxb3 29. Qxb6 Nxd4 30. Qxd4+ Qxd4 31. exd4 Kf6 32. Kg2 Ke6 33. Kf3 Kd6 34. Kf4 f6 35. h4 Kc6 36. g4 Kd6 37. Ke3 Kd7 38. Kf4 Ke6 39. Ke3 Kd6 40. Kf4 Kd7 41. Ke3 h6 42. Kf4 Kd6 43. g5 fxg5+ 44. hxg5 h5 45. Ke3 Ke7 46. Kf3 Kd7 47. Kg3 Kd6 48. Kf3 Kc6 49. Kg3 Kd7 50. Kf3 Ke6 51. Kf4 h4 52. Kg4 h3 53. Kxh3 Kf5 54. Kh4 Kf4 55. Kh3 Kf3 56. Kh4 Kf4 57. Kh3 Ke4 58. Kg4 Kxd4 59. f4 Ke4 60. f5 d4 61. fxg6 d3 62. g7 d2 63. g8=Q d1=Q+ 64. Kh4 Qh1+ 65. Kg3 Qf3+ 66. Kh4 Qh1+ 67. Kg3 Qf3+ 68. Kh4 Qh1+ 1/2-1/2


[Site "https://www.chess.com"]

[Event "Titled Tuesday Blitz November 14 Early 2023"]
[White "Khismatullin, Denis"]
[Black "Beerdsen, Thomas"]
[WhiteFideId "4142578"]
[BlackFideId "1030108"]
[WhiteElo "2961"]
[BlackElo "2861"]
[Result "0-1"]
[Round "10"]
[TimeControl "180+1"]
[Date "2023.11.14"]
[WhiteClock "0:00:00"]
[BlackClock "0:00:31"]
[Board "12"]

1. c4 Nf6 2. Nc3 a6 3. Nf3 b5 4. cxb5 axb5 5. Nxb5 c5 6. e3 Nc6 7. d4 cxd4 8. exd4 Ba6 9. a4 e6 10. Bd2 Ne4 11. d5 Nxd2 12. Nxd2 exd5 13. Be2 Bb4 14. O-O O-O 15. Nb3 Qf6 16. Bf3 Qxb2 17. Bxd5 Rab8 18. Rb1 Qf6 19. Bc4 Rfd8 20. Bd3 d5 21. N3d4 Nxd4 22. Rxb4 Ne6 23. Re1 g6 24. Bf1 Rbc8 25. Rb3 Ng5 26. Qd4 Qxd4 27. Nxd4 Bxf1 28. Kxf1 Rc4 29. Rd3 Rxa4 30. Nc6 Rd6 31. Ne7+ Kg7 32. Nxd5 Ne4 33. f3 Nc5 34. Rdd1 Ra2 35. Nc3 Rxd1 36. Rxd1 Rc2 37. Ne2 Nb3 38. Kf2 Rb2 39. Ke3 Na5 40. Kf2 Nc4 41. g4 Ne5 42. Ke3 Rb3+ 43. Kf4 Nxf3 44. Nd4 g5+ 45. Ke4 Nxd4 46. Rxd4 Rb2 47. h3 Rb3 48. Kf5 h6 49. h4 Rf3+ 50. Ke5 gxh4 0-1


[Site "https://www.chess.com"]

[Event "Titled Tuesday Blitz November 14 Early 2023"]
[White "Saydaliev, Saidakbar"]
[Black "Matlakov, Maxim"]
[WhiteFideId "14203693"]
[BlackFideId "4168003"]
[WhiteElo "2782"]
[BlackElo "2957"]
[Result "0-1"]
[Round "10"]
[TimeControl "180+1"]
[Date "2023.11.14"]
[WhiteClock "0:00:04"]
[BlackClock "0:00:52"]
[Board "13"]

1. e4 c5 2. Nf3 e6 3. d4 cxd4 4. Nxd4 Nc6 5. Nc3 Qc7 6. Be3 a6 7. Qf3 Nf6 8. O-O-O h5 9. Qg3 Qxg3 10. hxg3 Ng4 11. Be2 Nxe3 12. fxe3 g6 13. g4 h4 14. g3 h3 15. g5 Ne5 16. Rh2 Be7 17. Rdh1 Bxg5 18. Kd2 b5 19. Rxh3 Rxh3 20. Rxh3 Bb7 21. a3 Ke7 22. Nf3 Bf6 23. Nxe5 Bxe5 24. Bd3 Rc8 25. g4 Bxc3+ 26. bxc3 Rc5 27. Rh8 Rg5 28. Rb8 Bc6 29. Rb6 Rxg4 30. Rxa6 Bxe4 31. Bxb5 Rg2+ 32. Ke1 Rxc2 33. c4 d6 34. Ra7+ Kf8 35. a4 g5 36. Rd7 g4 37. Rd8+ Kg7 38. Rxd6 g3 0-1


[Site "https://www.chess.com"]

[Event "Titled Tuesday Blitz November 14 Early 2023"]
[White "Rakhmanov, Aleksandr"]
[Black "Sydoryka, Vladyslav"]
[WhiteFideId "4173708"]
[BlackFideId "14145928"]
[WhiteElo "2864"]
[BlackElo "2678"]
[Result "1-0"]
[Round "10"]
[TimeControl "180+1"]
[Date "2023.11.14"]
[WhiteClock "0:00:59"]
[BlackClock "0:00:00"]
[Board "14"]

1. c4 c5 2. Nc3 Nc6 3. g3 g6 4. Bg2 Bg7 5. b3 d6 6. Bb2 Nf6 7. e3 O-O 8. Nge2 a6 9. O-O Rb8 10. d3 Bd7 11. Qd2 b5 12. Rad1 Qc8 13. Nd5 Nxd5 14. cxd5 Ne5 15. f4 Ng4 16. Bxg7 Kxg7 17. h3 Nf6 18. g4 Kg8 19. Ng3 e6 20. dxe6 fxe6 21. g5 Ne8 22. h4 Bc6 23. h5 Bxg2 24. Qxg2 Qb7 25. Qh3 Ng7 26. Rd2 gxh5 27. Rh2 Qe7 28. Nxh5 Nxh5 29. Qxh5 Rf7 30. Kh1 Rbf8 31. g6 Rg7 32. Rg1 Kh8 33. Rg3 Rf6 34. Qh4 Qf8 35. Rhg2 Rf5 36. gxh7 Rxg3 37. Rxg3 1-0


[Site "https://www.chess.com"]

[Event "Titled Tuesday Blitz November 14 Early 2023"]
[White "Idani, Pouya"]
[Black "Pranav, V"]
[WhiteFideId "12510130"]
[BlackFideId "25060783"]
[WhiteElo "2838"]
[BlackElo "3080"]
[Result "1/2-1/2"]
[Round "10"]
[TimeControl "180+1"]
[Date "2023.11.14"]
[WhiteClock "0:00:06"]
[BlackClock "0:00:03"]
[Board "15"]

1. e4 e5 2. Nf3 Nc6 3. Bc4 Nf6 4. d3 h6 5. Nc3 d6 6. a4 g5 7. a5 a6 8. h3 Bg7 9. Nh2 Ne7 10. Ng4 c6 11. Be3 d5 12. Bb6 Qd6 13. Bb3 Be6 14. Nxf6+ Bxf6 15. Na4 Ng6 16. Nc5 Qe7 17. Nxe6 fxe6 18. Qh5 Kf7 19. O-O-O Kg7 20. g3 Qf7 21. Kb1 Bd8 22. Be3 Bxa5 23. h4 Bd8 24. hxg5 Bxg5 25. f4 exf4 26. gxf4 Nxf4 27. Bd4+ Kf8 28. Qf3 Ke7 29. exd5 Nxd5 30. Qe4 Kd7 31. Bxh8 Rxh8 32. Qd4 Rf8 33. Qa7 Kc7 34. Bxd5 exd5 35. Qd4 Qf4 36. Qxf4+ Rxf4 37. Rdf1 Rg4 38. Rf7+ Kb6 39. Rg7 Rf4 40. Re1 a5 41. Re6 Ka6 42. Rd6 Rb4 43. c3 Rb6 44. Kc2 Ka7 45. Rdd7 a4 46. Rg8 Ka6 47. Ra8+ Kb5 48. Rf7 Bh4 49. Rf5 Bg5 50. c4+ Kc5 51. Rxa4 Kd6 52. cxd5 cxd5 53. Rd4 Rc6+ 54. Kb1 Rc5 55. Rb4 Kc6 56. Rf7 b6 57. Rg7 Rb5 58. Rg6+ Kc5 59. Rxb5+ Kxb5 60. Kc2 Kc5 61. Kc3 d4+ 62. Kb3 b5 63. Re6 Bf4 64. Rf6 Be3 65. Rf5+ Kb6 66. Kc2 Ka5 67. Rd5 Kb4 68. Rh5 Ka4 69. Rd5 Kb4 70. Kb1 Ka4 71. Ka2 Kb4 72. Rd6 Ka4 73. Rd5 Kb4 74. Re5 Bf2 75. Kb1 Be3 76. Kc2 Ka4 77. Rh5 Kb4 78. b3 Bg5 79. Rh3 Be3 80. Rh4 Ka3 81. Re4 Kb4 82. Re5 Bg5 83. Rd5 Be3 84. Rd6 Kc5 85. Rg6 Kb4 86. Ra6 Bg5 87. Kb2 Be3 88. Rd6 h5 89. Rd5 h4 90. Rh5 Bf2 91. Kc2 Bg3 92. Rd5 Bf2 93. Rf5 Be3 94. Rh5 Bf2 95. Kb2 Bg3 96. Rh6 Be1 97. Rh7 Bg3 98. Rg7 Bf2 99. Rf7 Be1 100. Rf4 Kc5 101. Kc2 Bg3 102. Rf5+ Kb4 103. Rd5 Bf2 104. Rf5 Be3 105. Rh5 Bf2 106. Rh7 Kc5 107. Rh5+ Kb4 1/2-1/2


[Site "https://www.chess.com"]

[Event "Titled Tuesday Blitz November 14 Early 2023"]
[White "Baskakov, Egor"]
[Black "Samsonkin, Artiom"]
[WhiteFideId "24197866"]
[BlackFideId "13503111"]
[WhiteElo "2915"]
[BlackElo "2826"]
[Result "0-1"]
[Round "10"]
[TimeControl "180+1"]
[Date "2023.11.14"]
[WhiteClock "0:00:03"]
[BlackClock "0:00:19"]
[Board "16"]

1. e4 c5 2. Nf3 d6 3. d4 cxd4 4. Nxd4 Nf6 5. Nc3 a6 6. a4 g6 7. g3 Bg7 8. Bg2 Nc6 9. Nde2 O-O 10. h3 Rb8 11. O-O b5 12. axb5 axb5 13. Be3 Nd7 14. Nd4 Nxd4 15. Bxd4 Ne5 16. Nd5 e6 17. Nb4 Bb7 18. Ra7 Qc8 19. b3 Ra8 20. Ra1 Qc7 21. Qd2 Rxa1 22. Rxa1 Ra8 23. Rd1 Rd8 24. f4 Nc6 25. Nxc6 Qxc6 26. Bxg7 Kxg7 27. Qd4+ Kg8 28. Rd2 Rc8 29. Qxd6 Qxd6 30. Rxd6 Rxc2 31. Rd8+ Kg7 32. Rd7 Bc6 33. Rd4 f5 34. g4 Re2 35. Bf3 Re3 36. Kf2 Rxb3 37. Rd6 Bxe4 38. Bxe4 fxe4 39. Rxe6 Rf3+ 40. Kg2 Rxf4 41. Rb6 e3 42. Rxb5 Re4 43. Kf1 Kf6 44. Ke2 Re7 45. g5+ Kg7 46. Rc5 Kf7 47. Rd5 Ke6 48. Rb5 Rc7 49. Kxe3 Rc3+ 50. Kf4 Rxh3 51. Kg4 Rh1 52. Ra5 Rg1+ 53. Kf4 Rf1+ 54. Kg4 Rf5 55. Ra7 Rf7 56. Ra5 Ke7 57. Rb5 Kf8 58. Rc5 Kg7 59. Rd5 Re7 60. Rc5 Rd7 61. Re5 Rd4+ 62. Kg3 Kf7 63. Kf3 Rc4 64. Kg3 Rc7 65. Kg4 Re7 66. Rc5 Re4+ 67. Kg3 Ke6 68. Ra5 Re5 69. Ra7 Rxg5+ 70. Kf4 Rf5+ 71. Kg4 h5+ 72. Kh4 Kf6 73. Ra6+ Kg7 74. Ra7+ Kh6 75. Ra8 Rf4+ 76. Kg3 Kg5 77. Kh3 Rf5 78. Ra3 Rd5 79. Rg3+ Kh6 80. Re3 Rd6 81. Kh2 g5 82. Re8 g4 83. Rg8 Rg6 84. Rc8 Kg5 85. Rc5+ Kh4 86. Rc3 Rf6 87. Rc2 Kg5 88. Rc5+ Rf5 89. Rc2 h4 90. Kg2 h3+ 91. Kg3 Rf3+ 92. Kh2 Kh4 93. Rc1 Rf2+ 94. Kh1 Re2 95. Rd1 Re4 96. Rf1 g3 97. Rc1 Kg4 98. Kg1 Kf3 99. Rf1+ Kg4 100. Rb1 Rf4 101. Rc1 h2+ 102. Kg2 Rf2+ 103. Kh1 Kh3 0-1


[Site "https://www.chess.com"]